3L
PHILADELPHIA 1776 BC @ HARTFORD WHALERS
09/21/2020
 
TOP OF THE 1ST
Philadelphia 1776 BC batting - Pitching for Hartford Whalers : RHP Guillermo Pérez
Pitching: RHP Guillermo Pérez
Batting: LHB Manuel García 0-0: Called Strike
0-1: Ground out 5-3 (Groundball, 56S)
Batting: RHB Brian O'Brian 0-0: Called Strike
0-1: Ball
1-1: Ball
2-1: Ground out 3-1 (Groundball, 34)
Batting: RHB Gus Gibbs 0-0: Ball
1-0: Ball
2-0: Called Strike
2-1: Swinging Strike
2-2: Foul Ball, location: 2F
2-2: Fly out, F7 (Flyball, 78D)
Top of the 1st over - 0 run(s), 0 hit(s), 0 error(s), 0 left on base; Philadelphia 1776 0 - Hartford 0
BOTTOM OF THE 1ST
Hartford Whalers batting - Pitching for Philadelphia 1776 BC : RHP Ramiro Germán
Pitching: RHP Ramiro Germán
Batting: LHB Norm Ortega 0-0: Called Strike
0-1: Ball
1-1: Ball
2-1: Foul Ball, location: 2F
2-2: Fly out, F4 (Popup, 4D)
Batting: RHB Román Centena 0-0: Fly out, F8 (Flyball, 8LM)
Batting: LHB César Durán 0-0: Fly out, F9 (Flyball, 9M)
Bottom of the 1st over - 0 run(s), 0 hit(s), 0 error(s), 0 left on base; Philadelphia 1776 0 - Hartford 0
TOP OF THE 2ND
Philadelphia 1776 BC batting - Pitching for Hartford Whalers : RHP Guillermo Pérez
Batting: RHB Yuji Ine 0-0: Reached on error, E6 (Groundball, 6M)
Batting: RHB Ryan Simpson 0-0: Called Strike
0-1: Ball
1-1: SINGLE (Line Drive, 8RS)
Yuji Ine to second
Batting: RHB Gil Moore 0-0: Called Strike
0-1: Ball
1-1: Ball
2-1: Grounds into double play, 5-4-3 (Groundball, 56)
Yuji Ine to third
Batting: RHB Jesús Orozco 0-0: Ball
1-0: Called Strike
1-1: Swinging Strike
1-2: Ball
2-2: Strikes out looking
Top of the 2nd over - 0 run(s), 1 hit(s), 1 error(s), 1 left on base; Philadelphia 1776 0 - Hartford 0
BOTTOM OF THE 2ND
Hartford Whalers batting - Pitching for Philadelphia 1776 BC : RHP Ramiro Germán
Batting: RHB Nate Cates 0-0: Called Strike
0-1: Ball
1-1: Ball
2-1: SINGLE (Groundball, 56D)
Batting: RHB Russell Jackson 0-0: Ball
1-0: Called Strike
1-1: Ball
2-1: Ball
3-1: Foul Ball, location: 2F
3-2: Base on Balls
Nate Cates to second
Batting: LHB José Marín 0-0: Called Strike
0-1: Ball
1-1: Foul Ball, location: 2F
1-2: Strikes out swinging
Batting: LHB Gerald Holloway 0-0: Ball
1-0: Ball
2-0: Called Strike
2-1: Called Strike
2-2: Ball
3-2: Strikes out swinging
Batting: RHB Mike Brown 0-0: Fly out, F9 (Flyball, 9D)
Bottom of the 2nd over - 0 run(s), 1 hit(s), 0 error(s), 2 left on base; Philadelphia 1776 0 - Hartford 0
TOP OF THE 3RD
Philadelphia 1776 BC batting - Pitching for Hartford Whalers : RHP Guillermo Pérez
Batting: RHB Manny Hernández 0-0: Ball
1-0: Ball
2-0: Ball
3-0: Foul Ball, location: 2F
3-1: Foul Ball, location: 2F
3-2: Foul Ball, location: 2F
3-2: Foul Ball, location: 2F
3-2: Strikes out swinging
Batting: SHB Ramiro Germán 0-0: Called Strike
0-1: Ball
1-1: Ball
2-1: Ball
3-1: Called Strike
3-2: Fly out, F7 (Flyball, 7LMF)
Batting: LHB Manuel García 0-0: Called Strike
0-1: Fly out, F8 (Flyball, 8LXD)
Top of the 3rd over - 0 run(s), 0 hit(s), 0 error(s), 0 left on base; Philadelphia 1776 0 - Hartford 0
BOTTOM OF THE 3RD
Hartford Whalers batting - Pitching for Philadelphia 1776 BC : RHP Ramiro Germán
Batting: RHB Guillermo Pérez 0-0: Called Strike
0-1: Swinging Strike
0-2: Ball
1-2: Foul Ball, location: 2F
1-2: Ground out 6-3 (Groundball, 6M)
Batting: LHB Norm Ortega 0-0: Ball
1-0: SINGLE (Groundball, 34D) (infield hit)
Batting: RHB Román Centena 0-0: Ball
1-0: SINGLE (Flyball, 56D)
Norm Ortega to second
Batting: LHB César Durán 0-0: Swinging Strike
0-1: Foul Ball, location: 2F
0-2: Strikes out swinging
Batting: RHB Nate Cates 0-0: Foul Ball, location: 2F
0-1: Foul Ball, location: 2F
0-2: Foul Ball, location: 2F
0-2: SINGLE (Line Drive, 89S)
Norm Ortega to third
Román Centena to second
Runner from 3rd tries for Home, SAFE, throw made home
Batting: RHB Russell Jackson 0-0: Called Strike
0-1: Ball
1-1: Ball
2-1: Called Strike
2-2: SINGLE (Groundball, 56)
Román Centena to third
Nate Cates to second
Runner from 3rd tries for Home, SAFE, no throw or cutoff
Batting: LHB José Marín 0-0: Ball
1-0: Ball
2-0: DOUBLE (Flyball, 7D)
Nate Cates scores
Russell Jackson to third
Runner from 3rd tries for Home, SAFE, no throw or cutoff
Batting: LHB Gerald Holloway 0-0: Ground out 4-3 (Groundball, 4)
Bottom of the 3rd over - 4 run(s), 5 hit(s), 0 error(s), 1 left on base; Philadelphia 1776 0 - Hartford 4
TOP OF THE 4TH
Philadelphia 1776 BC batting - Pitching for Hartford Whalers : RHP Guillermo Pérez
Batting: RHB Brian O'Brian 0-0: Foul Ball, location: 2F
0-1: Swinging Strike
0-2: Ball
1-2: Ground out 5-3 (Groundball, 5S)
Batting: RHB Gus Gibbs 0-0: Called Strike
0-1: Ball
1-1: Reached on error, E6 (Groundball, 6M)
Batting: RHB Yuji Ine 0-0: Called Strike
0-1: Ball
1-1: Ground out 6-3 (Groundball, 6MS)
Gus Gibbs to second
Batting: RHB Ryan Simpson 0-0: SINGLE (Line Drive, 8LS)
Gus Gibbs to third
Runner from 3rd tries for Home, throw and OUT!
Top of the 4th over - 0 run(s), 1 hit(s), 1 error(s), 1 left on base; Philadelphia 1776 0 - Hartford 4
BOTTOM OF THE 4TH
Hartford Whalers batting - Pitching for Philadelphia 1776 BC : RHP Ramiro Germán
Batting: RHB Mike Brown 0-0: Ball
1-0: Called Strike
1-1: SOLO HOME RUN (Flyball, 7D), Distance : 393 ft
Batting: RHB Guillermo Pérez 0-0: Fly out, F8 (Flyball, 78M)
Batting: LHB Norm Ortega 0-0: Called Strike
0-1: Ball
1-1: Swinging Strike
1-2: Ground out 4-3 (Groundball, 4)
Batting: RHB Román Centena 0-0: Foul Ball, location: 2F
0-1: Ball
1-1: Ground out 4-3 (Groundball, 4)
Bottom of the 4th over - 1 run(s), 1 hit(s), 0 error(s), 0 left on base; Philadelphia 1776 0 - Hartford 5
TOP OF THE 5TH
Philadelphia 1776 BC batting - Pitching for Hartford Whalers : RHP Guillermo Pérez
Batting: RHB Gil Moore 0-0: Hit by Pitch
Batting: RHB Jesús Orozco 0-0: Called Strike
0-1: Fly out, F3 (Popup, 3)
Batting: RHB Manny Hernández 0-0: Ball
1-0: Grounds into double play, 4-6-3 (Groundball, 4)
Top of the 5th over - 0 run(s), 0 hit(s), 0 error(s), 0 left on base; Philadelphia 1776 0 - Hartford 5
BOTTOM OF THE 5TH
Hartford Whalers batting - Pitching for Philadelphia 1776 BC : RHP Ramiro Germán
Batting: LHB César Durán 0-0: Called Strike
0-1: DOUBLE (Flyball, 89XD)
Batting: RHB Nate Cates 0-0: Ball
1-0: Ground out 6-3 (Groundball, 6)
Batting: RHB Russell Jackson 0-0: Ball
1-0: Ball
2-0: Ball
3-0: Called Strike
3-1: Base on Balls
Batting: LHB José Marín 0-0: Swinging Strike
0-1: Swinging Strike
0-2: Ball
1-2: Ball
2-2: Strikes out swinging
Batting: LHB Gerald Holloway 0-0: Ball
1-0: Fly out, F5 (Popup, 5F)
Bottom of the 5th over - 0 run(s), 1 hit(s), 0 error(s), 2 left on base; Philadelphia 1776 0 - Hartford 5
TOP OF THE 6TH
Philadelphia 1776 BC batting - Pitching for Hartford Whalers : RHP Guillermo Pérez
Pinch Hitting: RHB Cris López 0-0: Ground out 5-3 (Groundball, 56S)
Batting: LHB Manuel García 0-0: Ball
1-0: Called Strike
1-1: Ball
2-1: Swinging Strike
2-2: Ball
3-2: Fly out, F6 (Popup, 6M)
Batting: RHB Brian O'Brian 0-0: Called Strike
0-1: Ball
1-1: SINGLE (Line Drive, 78S)
Batting: RHB Gus Gibbs 0-0: Ball
1-0: Foul Ball, location: 2F
1-1: Called Strike
1-2: Ball
2-2: Fly out, F7 (Flyball, 78XD)
Top of the 6th over - 0 run(s), 1 hit(s), 0 error(s), 1 left on base; Philadelphia 1776 0 - Hartford 5
BOTTOM OF THE 6TH
Hartford Whalers batting - Pitching for Philadelphia 1776 BC : RHP Ramiro Germán
Pitching: RHP Alberto Ortíz
Batting: RHB Mike Brown 0-0: Ball
1-0: Ball
2-0: Foul Ball, location: 2F
2-1: Ball
3-1: SINGLE (Line Drive, 89S)
Batting: RHB Guillermo Pérez 0-0: Sac Bunt - play at first, batter OUT! 1-4
Mike Brown to second
Batting: LHB Norm Ortega 0-0: Ball
Wild Pitch!
Mike Brown to third
1-0: Ball
2-0: Ground out 1-3 (Groundball, 13S)
Batting: RHB Román Centena 0-0: Called Strike
0-1: Fly out, F7 (Flyball, 7D)
Bottom of the 6th over - 0 run(s), 1 hit(s), 0 error(s), 1 left on base; Philadelphia 1776 0 - Hartford 5
TOP OF THE 7TH
Philadelphia 1776 BC batting - Pitching for Hartford Whalers : RHP Guillermo Pérez
Batting: RHB Yuji Ine 0-0: Ball
1-0: Ground out 6-3 (Groundball, 6)
Batting: RHB Ryan Simpson 0-0: Swinging Strike
0-1: Called Strike
0-2: Ball
1-2: SINGLE (Groundball, 6M) (infield hit)
Batting: RHB Gil Moore 0-0: Hit by Pitch
Ryan Simpson to second
Batting: RHB Jesús Orozco 0-0: Ball
1-0: Called Strike
1-1: Ball
2-1: Grounds into double play, 6-4-3 (Groundball, 6)
Top of the 7th over - 0 run(s), 1 hit(s), 0 error(s), 1 left on base; Philadelphia 1776 0 - Hartford 5
BOTTOM OF THE 7TH
Hartford Whalers batting - Pitching for Philadelphia 1776 BC : RHP Alberto Ortíz
Batting: LHB César Durán 0-0: Ball
1-0: Ball
2-0: Ball
3-0: Called Strike
3-1: Ground out U3 (Groundball, 3S)
Batting: RHB Nate Cates 0-0: Called Strike
0-1: Ball
1-1: Ball
2-1: Ball
3-1: Base on Balls
Batting: RHB Russell Jackson 0-0: Ball
1-0: Foul Ball, location: 2F
1-1: Ball
2-1: Foul Ball, location: 2F
2-2: Fly out, F9 (Flyball, 9M)
Batting: LHB José Marín 0-0: Called Strike
0-1: Swinging Strike
0-2: 2-RUN HOME RUN (Flyball, 89XD), Distance : 405 ft
Batting: LHB Gerald Holloway 0-0: Fly out, F9 (Line Drive, 89S)
Bottom of the 7th over - 2 run(s), 1 hit(s), 0 error(s), 0 left on base; Philadelphia 1776 0 - Hartford 7
TOP OF THE 8TH
Philadelphia 1776 BC batting - Pitching for Hartford Whalers : RHP Guillermo Pérez
Batting: RHB Manny Hernández 0-0: Ball
1-0: Called Strike
1-1: Called Strike
1-2: Ball
2-2: SINGLE (Groundball, 6MD)
Pinch Hitting: LHB Chris Nelson 0-0: Foul Ball, location: 2F
0-1: Ground out 3-1 (Groundball, 34)
Manny Hernández to second
Batting: LHB Manuel García 0-0: Fly out, F7 (Flyball, 7S)
Batting: RHB Brian O'Brian 0-0: Ball
1-0: Foul Ball, location: 2F
1-1: Ball
2-1: Ball
3-1: Base on Balls
Batting: RHB Gus Gibbs 0-0: Ball
1-0: Fly out, F3 (Popup, 13)
Top of the 8th over - 0 run(s), 1 hit(s), 0 error(s), 2 left on base; Philadelphia 1776 0 - Hartford 7
BOTTOM OF THE 8TH
Hartford Whalers batting - Pitching for Philadelphia 1776 BC : RHP Alberto Ortíz
Pitching: RHP Paul Clark
Pinch Hitting: RHB Javier Díaz 0-0: Ball
1-0: Foul Ball, location: 2F
1-1: Foul Ball, location: 2F
1-2: Strikes out looking
Batting: RHB Guillermo Pérez 0-0: SINGLE (Groundball, 5D)
Batting: LHB Norm Ortega 0-0: Foul Ball, location: 2F
0-1: Ball
Balk!
Guillermo Pérez to second
1-1: Called Strike
1-2: Foul Ball, location: 2F
1-2: Ball
2-2: Ball
3-2: Foul Ball, location: 2F
3-2: Strikes out swinging
Batting: RHB Román Centena 0-0: Fly out, F9 (Line Drive, 89XD)
Bottom of the 8th over - 0 run(s), 1 hit(s), 0 error(s), 1 left on base; Philadelphia 1776 0 - Hartford 7
TOP OF THE 9TH
Philadelphia 1776 BC batting - Pitching for Hartford Whalers : RHP Guillermo Pérez
Now at SS: Akahele Kimokeo
Batting: RHB Yuji Ine 0-0: DOUBLE (Line Drive, 7LD)
Batting: RHB Ryan Simpson 0-0: Ground out 6-3 (Groundball, 6)
Pitching: RHP Dave Parrish
Batting: RHB Gil Moore 0-0: Ball
1-0: Ball
2-0: Foul Ball, location: 2F
2-1: Ball
3-1: Fly out, F8 (Flyball, 8LS)
Batting: RHB Jesús Orozco 0-0: Ball
1-0: Ball
2-0: Ball
3-0: Called Strike
3-1: Ground out 4-3 (Groundball, 4M)
Top of the 9th over - 0 run(s), 1 hit(s), 0 error(s), 1 left on base; Philadelphia 1776 0 - Hartford 7
This league is powered by Out of the Park Baseball, the baseball management simulation game for PC, Mac and Linux
Friday, October 23rd, 2015 - OOTP Baseball 16.9 Build 39